 Dungeon Crawl Stone Soup version 0.28-a0-1227-ga9037bb4c8 (webtiles) character file.

Game seed: 3072990914922989961

65 siradein the Ducker (level 3, -1/21 (23) HPs)
             Began as a Deep Elf Monk on Dec 22, 2021.
             Slain by a scorpion (7 damage)
             ... on level 3 of the Dungeon.
             The game lasted 00:02:04 (2981 turns).

siradein the Ducker (Deep Elf Monk)                 Turns: 2981, Time: 00:02:05

HP:   -1/21 (23)    AC:  6    Str: 10    XL:     3   Next: 92%
MP:   5/5           EV: 12    Int: 14    God:
Gold: 79            SH:  0    Dex: 17    Spells: 2/2 levels left

rFire   . . .      SeeInvis .   a - +0 falchion
rCold   . . .      Faith    .   (no shield)
rNeg    . . .      Spirit   .   j - +0 ring mail
rPois   .          Reflect  .   i - +0 helmet
rElec   .          Harm     .   (no cloak)
rCorr   .          Rampage  .   (no gloves)
Will    .....                   (no boots)
Stlth   ++........              (no amulet)
HPRegen 0.07/turn               (no ring)
MPRegen 0.09/turn               (no ring)

@: drained
A: no striking features
a: no special abilities


You were on level 3 of the Dungeon.
You visited 1 branch of the dungeon, and saw 3 of its levels.

You collected 79 gold pieces.

Inventory:

Hand Weapons
 a - a +0 falchion (weapon)
Armour
 i - a +0 helmet (worn)
 j - a +0 ring mail (worn)
Scrolls
 b - 2 scrolls of magic mapping
 e - a scroll of identify {unknown}
 g - a scroll of silence {unknown}
 k - a scroll of acquirement {unknown}
Potions
 c - a potion of lignification {unknown}
 d - 2 potions of curing {unknown}
 f - a potion of degeneration {unknown}
 h - 2 potions of haste {unknown}
 l - a potion of heal wounds {unknown}
 m - 2 potions of invisibility
 n - a potion of ambrosia {unknown}


   Skills:
 + Level 3.0 Fighting
 + Level 3.3 Long Blades
 + Level 4.4 Dodging
 - Level 2.4 Stealth


You had 2 spell levels left.
You didn't know any spells.
Your spell library contained the following spells:

 Spells                   Type           Power      Damage    Failure   Level
 Ensorcelled Hibernation  Hex/Ice        0%         N/A       75%         2
 Tukima's Dance           Hex            0%         N/A       92%         3


Dungeon Overview and Level Annotations

Branches:
Dungeon (3/15)

Altars:


Message History

The worm bites you!
You hit the worm.
The worm is heavily wounded.
The worm closely misses you.
You hit the worm.
The worm is heavily wounded.
You barely miss the worm.
The worm is heavily wounded.
The worm bites you but does no damage.
You hit the worm.
The worm is severely wounded.
The worm closely misses you.
You hit the worm.
The worm is almost dead.
You hit the worm.
You kill the worm!
No target in view!
No target in view!
Found a stone staircase leading down.
You pick up a book of Maledictions and begin reading...
You add the spells Ensorcelled Hibernation and Tukima's Dance to your library.
A scorpion comes into view.
A scorpion is nearby!
A scorpion is nearby!
A scorpion is nearby!
You barely miss the scorpion. The scorpion stings you.
You hit the scorpion but do no damage. The scorpion barely misses you.
The scorpion stings you!
You are too injured to fight recklessly!
You are too injured to fight recklessly!
You are too injured to fight recklessly!
You are too injured to fight recklessly!
Unknown command.
You hit the scorpion but do no damage.
The scorpion stings you but does no damage.
You hit the scorpion but do no damage. The scorpion barely misses you.
The scorpion stings you.
* * * LOW HITPOINT WARNING * * *
You barely miss the scorpion. The scorpion stings you!
You die...

### ### ## .. ... ..# ..
####### . #.# #.# #. #.[... .
#s# #.# #.##.... .# #@######.#
......###.#### #.##...#.#
#.............#.#..###..#####.#
.............#.#.#.# #........#
#[<.....# .....#.###..########
#<#...#.# #...................#
#.##.##.# ###.###.#.##.######.#
#. #.##.# #.# #.#.##.# #.
#†##.# #.# #.#.##.# .#


You could see a scorpion.

Vanquished Creatures
  An adder (D:3)
  2 worms
  3 dart slugs
  4 ball pythons (D:2)
  5 bats
  5 endoplasms
  4 goblins
  5 hobgoblins
  3 frilled lizards
  4 kobolds
  6 rats
42 creatures vanquished.

Notes
Turn   | Place    | Note
-------+----------+-------------------------------------------
     0 | D:1      | siradein the Deep Elf Monk began the quest for the Orb.
     0 | D:1      | Reached XP level 1. HP: 13/13 MP: 3/3
   459 | D:1      | Reached XP level 2. HP: 18/18 MP: 4/4
   673 | D:1      | Reached skill level 4 in Dodging
  1341 | D:2      | Reached XP level 3. HP: 22/22 MP: 5/5
  2974 | D:3      | Noticed a scorpion
  2981 | D:3      | Slain by a scorpion

Illustrated notes

Levels and vault maps discovered:
D:1:      psy_arrival_radial01, layout_loops_ring,
          ebering_dispersal_statue_hall, hangedman_decor_push
D:2:      layout_loops_ring
D:3:      minmay_evil_eye, layout_loops_ring, amethyst_overflow_temple_binary,
          chequers_avenue, minmay_misc_feat_columns

Skill      XL: |  1  2  3 |
---------------+----------+-----
Dodging        | 4 |  4.4
Long Blades    | 3 |  3.3
Fighting       | 3 |  3.0
Stealth        | |  2.4

Action                   || total
-------------------------++-------
Melee: Falchion          ||   147
  Use: Scroll            ||     1
 Stab: Sleeping          ||     8
Armor: Robe              ||     6
       Ring mail         ||    34
Dodge: Dodged            ||    79

Table legend: (Time is in decaauts)
 A = Elapsed time spent in this place.
 B = Non-inter-level travel time spent in this place.
 C = Inter-level travel time spent in this place.
 D = Time resting spent in this place.
 E = Time spent auto-exploring this place.
 F = Levels seen in this place.
 G = Mean time per level.
                   A        B        C        D        E       F      G
               +--------+--------+--------+--------+--------+-----+--------+
         Total |   3001 |   2932 |     69 |      0 |   2536 |   3 | 1000.3 |
       Dungeon |   3001 |   2932 |     69 |      0 |   2536 |   3 | 1000.3 |
               +--------+--------+--------+--------+--------+-----+--------+

Top non-repeatable levels by time:
     D:2: 1438 daAuts
     D:1: 1138 daAuts
     D:3: 424 daAuts
